 Dungeon Crawl Stone Soup version 0.17-a0-1923-gc35365e (webtiles) character file.

9980 mcbry74 the Thrower (level 11, -14/75 HPs)
             Began as a Kobold Assassin on Sept 28, 2015.
             Demolished by an entropy weaver (17 damage)
             ... on level 11 of the Dungeon.
             The game lasted 02:15:32 (14904 turns).

mcbry74 the Thrower (Kobold Assassin)              Turns: 14904, Time: 02:15:32

Health: -14/75     AC: -6    Str:  9      XL:     11   Next: 84%
Magic:  20/20      EV: 22    Int:  6 (11) God:    Xom [..*...]
Gold:   532        SH:  0    Dex: 20      Spells: 0 memorised, 10 levels left

rFire  + + .     SeeInvis .     J - +5 war axe "Woshrokax" {chaos, +Fly rElec rC+ Int+2}
rCold  + . .     Clarity  +     E - +3 leather armour {rF+}
rNeg   . . .     SustAt   .     (shield restricted)
rPois  .         Gourm    .     (helmet restricted)
rElec  +         Spirit   .     d - +0 cloak
rCorr  .         Warding  .     q - +1 pair of gloves
rMut   .         Stasis   .     (no boots)
MR     .....                    p - amulet of clarity
Stlth  +++++.....               (no ring)
                                O - ring of magical power

@: corroded equipment, drained, not resistant to hostile enchantments, quite
stealthy
A: antennae 2, blurry vision 1, carnivore 3, clumsy 1, fire resistance 1,
mutation resistance 1, robust 1, MP-powered wands
a: Renounce Religion, Evoke Flight


You were on level 11 of the Dungeon.
You worshipped Xom.
You were a toy of Xom.
You were not hungry.

You visited 1 branch of the dungeon, and saw 11 of its levels.

You collected 532 gold pieces.

Inventory:

Hand weapons
 b - a +0 blowgun
 j - a +2 hunting sling of freezing
 s - a +0 greatsling
 y - a +3 arbalest of flaming
 B - the +7 trident "Urhoedamp" {pain, rN+}
   (You found it on level 11 of the Dungeon)

   In the hands of one skilled in necromantic magic, it inflicts extra damage on
   living creatures.
   It protects you from negative energy.
 D - a +3 dagger of freezing
 F - a +2 dagger of venom
 J - the +5 war axe "Woshrokax" (weapon) {chaos, +Fly rElec rC+ Int+2}
   (Xom gifted it to you on level 6 of the Dungeon)

   Each time it hits an enemy it has a different, random effect.
   It affects your intelligence (+2).
   It protects you from cold.
   It insulates you from electricity.
   It lets you fly.
Missiles
 f - 2 curare-tipped needles
 l - 13 silver sling bullets
 o - 35 poisoned needles
 G - 10 bolts of frost
Armour
 d - a +0 cloak (worn)
 i - a +3 leather armour
 q - a +1 pair of gloves (worn)
 x - a +0 robe of cold resistance
 E - a +3 leather armour of fire resistance (worn)
Rods
 v - a +1 iron rod (15/15)
   (You found it on level 2 of the Dungeon)
Jewellery
 m - an uncursed amulet of resist corrosion
 p - an amulet of clarity (around neck)
 K - an uncursed amulet of the gourmand
 O - a ring of magical power (left hand)
Magical devices
 a - a wand of slowing (3)
 c - a wand of paralysis (12)
 k - a wand of polymorph (11)
 u - a wand of confusion (9)
 I - a wand of magic darts (15)
 N - a wand of frost (13)
Scrolls
 e - a scroll of silence {unknown}
 n - a scroll of teleportation
 r - a scroll of random uselessness
 t - a scroll of noise {unknown}
 w - a scroll of magic mapping {unknown}
 L - a scroll of remove curse
Potions
 h - a potion of agility
 R - 3 potions of curing
Books
 C - a book of Annihilations

   Spells                             Type                      Level
   a - Poison Arrow                   Conjuration/Poison           6
   b - Chain Lightning                Conjuration/Air              8
   c - Lehudib's Crystal Spear        Conjuration/Earth            8
   d - Glaciate                       Conjuration/Ice              9
   e - Fire Storm                     Conjuration/Fire             9
 M - a book of Transfigurations

   Spells                             Type                      Level
   a - Stoneskin                      Transmutation/Earth          2
   b - Irradiate                      Conjuration/Transmutation    5
   c - Statue Form                    Transmutation/Earth          6
   d - Hydra Form                     Transmutation                6
   e - Dragon Form                    Transmutation                7
 S - Sif Muna's Handbook of Aid
   (You found it on level 9 of the Dungeon)

   Spells                             Type                      Level
   a - Shroud of Golubria             Charms/Translocation         2
   b - Warp Weapon                    Charms/Translocation         5
   c - Ring of Flames                 Charms/Fire                  7
Miscellaneous
 H - a phial of floods
Comestibles
 g - 3 meat rations
 A - 2 beef jerkies


   Skills:
 * Level 8.3(8.2) Fighting
 * Level 10.1(10.0) Short Blades
 - Level 0.1 Axes
 - Level 0.1(0.0) Polearms
 + Level 2.6(7.7) Slings
 + Level 12.3 Throwing
 - Level 2.0(1.9) Armour
 + Level 9.0(8.8) Dodging
 + Level 11.2(11.0) Stealth
 - Level 0.2(0.0) Unarmed Combat
 + Level 0.2(0.1) Evocations


You had 10 spell levels left.
You didn't know any spells.

Dungeon Overview and Level Annotations

Branches:
Dungeon (11/15)            Temple (0/1) D:5            Lair (0/8) D:11
    Orc (0/4) D:11

Altars:
Ashenzari
Dithmenos
Elyvilon
Fedhas
Gozag
Sif Muna
Vehumet
Xom
Yredelemnul
The Shining One

Shops:
D:6 =


Innate Abilities, Weirdness & Mutations

You are small and have problems with some larger weapons.
You are carnivorous and can eat meat at any time.
You have a pair of antennae on your head.
Scrolls take you a little longer to read.
You are clumsy. (Dex -2)
Your flesh is heat resistant.
You are somewhat resistant to further mutation.
You are robust (+10% HP).
You expend magic power (3 MP) to strengthen your wands.


Message History

The entropy weaver is moderately wounded.
The helpless entropy weaver fails to defend itself.
You hit the entropy weaver but do no damage.
The entropy weaver is moderately wounded.
The helpless entropy weaver fails to defend itself.
You hit the entropy weaver but do no damage.
The entropy weaver is moderately wounded.
The entropy weaver is no longer paralysed.
The entropy weaver hits you. The entropy weaver hits you!
The entropy weaver misses you. The entropy weaver hits you.
You closely miss the entropy weaver.
The entropy weaver is moderately wounded.
The entropy weaver hits you!
* * * LOW HITPOINT WARNING * * *
The entropy weaver hits you!
* * * LOW HITPOINT WARNING * * *
The entropy weaver completely misses you.
The entropy weaver hits you!
You die...
Xom cackles wildly!

.........#
....p....#
.........#
###.....##
#####(# #.# #.#
######(# ##
#.@p((.# .#
#.###### .# #.#
.# #.# .# #.# .#
#.#
.##############.#
.......>.....)..#
#################


You could see an entropy weaver.

Vanquished Creatures
  Fannar (D:10)
  A ball lightning (D:7)
  3 hill giants
  A centaur zombie (D:11)
  A centaur skeleton (D:11)
  The ghost of pk666 the Magician, an experienced DEWz of Sif Muna (D:5)
  3 deep elf magi
  2 hippogriffs
  9 yaks
  A warg (D:9)
  A hungry ghost (D:10)
  Duvessa (D:7)
  3 sky beasts
  A porcupine (D:11)
  2 ice beasts
  6 ogres
  A wasp (D:11)
  6 centaurs
  4 orc warriors
  6 giant frogs
  2 brain worms
  Dowan (D:7)
  3 scorpions
  A wyvern skeleton (D:9)
  12 killer bees
  A wasp zombie (D:8)
  2 crimson imps
  10 wights
  A giant frog skeleton (D:9)
  4 orc priests
  Ijyb (D:3)
  4 hounds
  A gnoll shaman (D:8)
  9 orc wizards
  3 iguanas
  6 worker ants
  3 hound skeletons
  A worker ant zombie (D:11)
  11 gnolls
  8 adders
  3 river rats (D:11)
  3 shadow imps
  An ooze (D:7)
  An adder skeleton (D:8)
  5 worms
  3 giant geckos
  34 orcs
  2 giant cockroaches (D:2)
  14 goblins
  8 hobgoblins
  9 quokkas
  5 ball pythons
  5 bats
  2 giant newts (D:1)
  9 kobolds
  9 rats
251 creatures vanquished.

Vanquished Creatures (collateral kills)
  The ghost of Anothat the Chopper, an average HOFi (D:3)
  An ogre (D:6)
  A centaur (D:10)
  A giant frog (D:10)
  A killer bee (D:7)
  A hound (D:10)
  4 orc wizards
  A worker ant (D:10)
  A giant gecko (D:3)
  4 orcs
  A quokka (D:6)
17 creatures vanquished.

Vanquished Creatures (others)
  A bat (D:3)
1 creature vanquished.

Grand Total: 269 creatures vanquished

Notes
Turn   | Place    | Note
--------------------------------------------------------------
     0 | D:1      | mcbry74 the Kobold Assassin began the quest for the Orb.
     0 | D:1      | Reached XP level 1. HP: 12/12 MP: 1/1
   293 | D:1      | Reached XP level 2. HP: 16/18 MP: 2/2
   352 | D:1      | Reached skill level 6 in Stealth
   776 | D:2      | Reached XP level 3. HP: 11/22 MP: 3/3
  1779 | D:2      | Reached XP level 4. HP: 27/27 MP: 4/4
  1822 | D:2      | Found a shimmering altar of Xom.
  1826 | D:2      | Became a worshipper of Xom the Tricky
  1882 | D:2      | XOM: harmless Air miscast
  2118 | D:3      | Reached skill level 7 in Stealth
  2228 | D:3      | Noticed Anothat's ghost (average HOFi)
  2229 | D:3      | XOM: mild Pois miscast
  2339 | D:2      | XOM: scenery: 1 doors close
  2355 | D:2      | HP: 1/27 [poisoned by a goblin]
  2630 | D:3      | XOM: potion effect (curing)
  2631 | D:3      | XOM: butterfly on damage
  2680 | D:2      | XOM: harmless Air miscast
  2731 | D:2      | XOM: divination: detect creatures
  2884 | D:2      | XOM: colour smoke trail
  3111 | D:3      | XOM: butterfly on damage
  3447 | D:2      | XOM: harmless Summ miscast
  3452 | D:2      | XOM: vitrification
  3459 | D:2      | XOM: swap monsters
  3487 | D:3      | Reached XP level 5. HP: 25/31 MP: 5/5
  3538 | D:3      | XOM: polymorph giant cockroach -> bat
  3541 | D:3      | XOM: destruction
  3560 | D:3      | XOM: enchant monster (good)
  3595 | D:3      | XOM: summons 5 friendly demons
  3599 | D:3      | Killed Anothat's ghost
  3802 | D:3      | Noticed Ijyb
  3859 | D:3      | XOM: god gift: runed arbalest {god gift}
  3863 | D:3      | Killed Ijyb
  3927 | D:3      | XOM is BORED!
  3927 | D:3      | XOM: mild Fire miscast
  3978 | D:3      | Reached XP level 6. HP: 31/36 MP: 6/6
  4088 | D:3      | XOM: give mutations
  4088 | D:3      | Gained mutation: Your mind is acute. (Int +2) [Xom's grace]
  4088 | D:3      | Gained mutation: You have a pair of small antennae on your head. [Xom's grace]
  4212 | D:3      | XOM: god gift: fizzy silvery potion
  4274 | D:4      | XOM: god gift: phial of floods
  4292 | D:4      | XOM: noise
  4333 | D:4      | Found a blossoming altar of Fedhas.
  4710 | D:4      | XOM: cast spell 'Olgreb's Toxic Radiance'
  4719 | D:4      | Reached skill level 5 in Short Blades
  4719 | D:4      | Reached XP level 7. HP: 35/41 MP: 7/7
  4813 | D:4      | XOM: medium Chrm miscast
  4867 | D:4      | XOM: colour smoke trail
  4911 | D:5      | Entered Level 5 of the Dungeon
  4979 | D:5      | Noticed pk666's ghost (experienced DEWz)
  4980 | D:5      | XOM: noise
  5003 | D:4      | Reached skill level 5 in Throwing
  5032 | D:5      | XOM: divination: detect items
  5034 | D:5      | XOM: divination: detect creatures
  5035 | D:5      | XOM: cast spell 'Beastly Appendage'
  5044 | D:5      | XOM: divination: detect creatures
  5052 | D:5      | XOM: enchant monster (good)
  5280 | D:5      | XOM: enchant monster (good)
  5304 | D:5      | XOM: divination: magic mapping
  5360 | D:5      | XOM: divination: detect items
  5362 | D:5      | Killed pk666's ghost
  5362 | D:5      | Reached skill level 1 in Slings
  5362 | D:5      | Reached skill level 1 in Armour
  5362 | D:5      | Reached XP level 8. HP: 21/48 MP: 8/8
  5566 | D:5      | XOM: cast spell 'Spider Form'
  5611 | D:5      | Found a glowing golden altar of the Shining One.
  5633 | D:5      | Found a staircase to the Ecumenical Temple.
  5835 | D:5      | Reached skill level 8 in Stealth
  5944 | D:5      | Found a basalt altar of Yredelemnul.
  6514 | D:6      | XOM: give mutations
  6514 | D:6      | Gained mutation: You possess an exceptional clarity of mind. [Xom's grace]
  6514 | D:6      | Gained mutation: Your spells are a little harder to cast, but a little more powerful. [Xom's grace]
  6514 | D:6      | Gained mutation: You have a pair of antennae on your head. [Xom's grace]
  6574 | D:6      | XOM: vitrification
  6749 | D:6      | Reached skill level 5 in Fighting
  7079 | D:6      | XOM: god gift: encrusted war axe {god gift}
  7080 | D:6      | Got an encrusted war axe {god gift}
  7081 | D:6      | Identified the +5 war axe "Woshrokax" {chaos, +Fly rElec rC+ Int+2} (Xom gifted it to you on level 6 of the Dungeon)
  7086 | D:6      | Found Uplutoh's Jewellery Boutique.
  7157 | D:6      | XOM: god gift: tiny bronze amulet {god gift}
  7328 | D:6      | XOM: harmless Erth miscast
  7423 | D:7      | Reached XP level 9. HP: 33/54 MP: 9/9
  7532 | D:7      | XOM: vitrification
  7613 | D:7      | Found an opulent altar of Gozag.
  7613 | D:7      | XOM is BORED!
  7613 | D:7      | XOM: medium Hex miscast
  7703 | D:7      | XOM: god gift: chain mail {god gift}
  7749 | D:7      | XOM: summons friendly iron imp
  7759 | D:7      | XOM: enchant monster (bad)
  7770 | D:7      | XOM: divination: detect creatures
  7971 | D:7      | Reached skill level 5 in Dodging
  8204 | D:7      | XOM: god gift: 15 arrows of flame
  8242 | D:7      | Found a radiant altar of Vehumet.
  8261 | D:7      | XOM: cast spell 'Spider Form'
  8457 | D:7      | Found a white marble altar of Elyvilon.
  8488 | D:7      | Noticed Duvessa
  8491 | D:7      | Noticed Dowan
  8496 | D:7      | XOM: severe Air miscast
  8497 | D:7      | Noticed a ball lightning
  8500 | D:7      | Killed a ball lightning
  8502 | D:7      | Killed Duvessa
  8520 | D:7      | Killed Dowan
  8693 | D:8      | XOM: enchant monster (bad)
  8699 | D:8      | Reached skill level 9 in Stealth
  8780 | D:8      | XOM: give mutations
  8780 | D:8      | Gained mutation: You are frail (-10% HP). [Xom's mischief]
  8780 | D:8      | Gained mutation: Your body sometimes deteriorates upon taking damage. [Xom's mischief]
  8780 | D:8      | Gained mutation: Scrolls take you a little longer to read. [Xom's mischief]
  8780 | D:8      | Gained mutation: You are somewhat resistant to further mutation. [Xom's mischief]
  9013 | D:8      | XOM: give mutations
  9013 | D:8      | Gained mutation: You are clumsy. (Dex -2) [Xom's mischief]
  9013 | D:8      | Lost mutation: Scrolls take you a little longer to read. [Xom's mischief]
  9171 | D:8      | XOM: god gift: 12 stones
  9240 | D:8      | XOM: silly message
  9260 | D:8      | XOM: polymorph two-headed ogre -> ball python
  9357 | D:8      | XOM: swap monsters
  9384 | D:8      | XOM: summons 4 hostile shadow creatures
  9565 | D:8      | Reached XP level 10. HP: 54/54 MP: 10/10
  9641 | D:8      | Found a shattered altar of Ashenzari.
  9672 | D:8      | XOM: god gift: 20 gold pieces
  9924 | D:8      | XOM: vitrification
 10054 | D:8      | XOM: snakes to sticks
 10156 | D:9      | XOM: potion effect (haste)
 10310 | D:9      | Found a shadowy altar of Dithmenos.
 10338 | D:9      | XOM: cast spell 'Ice Form'
 10411 | D:9      | Identified Sif Muna's Handbook of Aid
 10486 | D:9      | XOM: divination: magic mapping
 10535 | D:9      | XOM: divination: detect items
 10540 | D:9      | XOM: colour smoke trail
 10600 | D:9      | XOM: harmless Conj miscast
 10610 | D:9      | XOM: medium Divn miscast
 10637 | D:9      | Gained mutation: Your flesh is heat resistant. [mutagenic meat]
 10795 | D:9      | Found a deep blue altar of Sif Muna.
 10830 | D:9      | XOM: give mutations
 10830 | D:9      | Lost mutation: Your body sometimes deteriorates upon taking damage. [Xom's mischief]
 10830 | D:9      | Lost mutation: Your mind is acute. (Int +2) [Xom's mischief]
 10830 | D:9      | Gained mutation: Scrolls take you a little longer to read. [Xom's mischief]
 10830 | D:9      | Lost mutation: Your spells are a little harder to cast, but a little more powerful. [Xom's mischief]
 10922 | D:9      | XOM: polymorph orc warrior -> warg
 10932 | D:9      | XOM: harmless Trmt miscast
 10938 | D:9      | XOM: silly message
 10993 | D:9      | Reached skill level 10 in Throwing
 11115 | D:9      | XOM: give mutations
 11115 | D:9      | Lost mutation: You are frail (-10% HP). [Xom's mischief]
 11115 | D:9      | Gained mutation: You are robust (+10% HP). [Xom's mischief]
 11115 | D:9      | Gained mutation: You expend magic power (3 MP) to strengthen your wands. [Xom's mischief]
 11115 | D:9      | Lost mutation: You possess an exceptional clarity of mind. [Xom's mischief]
 11193 | D:9      | XOM: scenery: create altars
 11746 | D:10     | Entered Level 10 of the Dungeon
 11863 | D:10     | Noticed a hill giant
 11870 | D:10     | Noticed Fannar
 11870 | D:10     | XOM: divination: magic mapping
 11876 | D:10     | XOM: harmless Chrm miscast
 11879 | D:10     | XOM: potion effect (heal wounds)
 11880 | D:10     | XOM: swap monsters
 11882 | D:10     | XOM: summons 4 friendly demons
 11898 | D:10     | XOM: confuse monster(s)
 11900 | D:10     | XOM: confuse monster(s)
 11905 | D:10     | Reached skill level 10 in Stealth
 11906 | D:10     | Killed Fannar
 11906 | D:10     | Reached skill level 11 in Throwing
 11907 | D:10     | Killed a hill giant
 11907 | D:10     | Reached XP level 11. HP: 70/73 MP: 11/11
 11907 | D:10     | XOM: fog
 11933 | D:10     | XOM: enchant monster (bad)
 11956 | D:10     | XOM: harmless Conj miscast
 11958 | D:10     | XOM: summons friendly iron imp
 11977 | D:10     | XOM: polymorph black bear -> brain worm
 12681 | D:9      | XOM: noise
 13316 | D:11     | Got a bloodstained trident
 13317 | D:11     | Identified the +7 trident "Urhoedamp" {pain, rN+} (You found it on level 11 of the Dungeon)
 13380 | D:11     | Found a staircase to the Orcish Mines.
 13422 | D:11     | Noticed a hill giant
 13429 | D:11     | XOM: potion effect (berserk rage)
 13435 | D:11     | XOM: chaos upgrade
 13436 | D:11     | XOM: destruction
 13472 | D:11     | XOM: enchant monster (bad)
 13475 | D:11     | Killed a hill giant
 13475 | D:11     | Reached skill level 12 in Throwing
 13956 | D:11     | Noticed a hill giant
 13978 | D:11     | Killed a hill giant
 14126 | D:11     | XOM: colour smoke trail
 14191 | D:11     | XOM: divination: magic mapping
 14213 | D:11     | Reached skill level 10 in Short Blades
 14244 | D:11     | XOM: divination: detect creatures
 14255 | D:11     | XOM: summons friendly ufetubus
 14262 | D:11     | XOM: enchant monster (bad)
 14283 | D:11     | XOM: noise
 14286 | D:11     | XOM: potion effect (berserk rage)
 14288 | D:11     | XOM: divination: detect items
 14289 | D:11     | XOM: potion effect (might)
 14294 | D:11     | XOM: confuse monster(s)
 14452 | D:11     | Noticed a death yak
 14461 | D:11     | XOM: divination: detect creatures
 14561 | D:11     | XOM: cast spell 'Dispersal'
 14582 | D:11     | Noticed an entropy weaver
 14582 | D:11     | a death yak changed into an entropy weaver
 14860 | D:11     | Found a staircase to the Lair.
 14904 | D:11     | HP: 3/75 [entropy weaver (11)]
 14904 | D:11     | Demolished by an entropy weaver

Vault maps used:
D:1:      lightli_arrival_windingriver, minmay_shallow_snake_nest
D:2:      overflow_temple_1_default, first_bread
D:3:      kennysheep_the_goblin_king, moated_statue, grunt_ministairs_7
D:4:      minmay_splitting_lines, fedhas_altar_1
D:5:      tso_altar, lemuel_round_altar, minmay_temple_entry_overgrown
D:6:      serial_shops, shop
D:7:      vehumet_altar_wand_db, grunt_gozag_statues, lemuel_tele_altar,
          uniq_duvessa
D:8:      kennysheep_mini_moat
D:9:      lemuel_doored_altar, serial_glass, glass_columns_a, glass_columns_a,
          glass_columns_b, basic_altar
D:10:     uniq_fannar
D:11:     dpeg_lair_monsters, orc_0_dummy

Action                   |  1- 3 |  4- 6 |  7- 9 | 10-12 || total
-------------------------+-------+-------+-------+-------++-------
Melee: Dagger            |    11 |   103 |   288 |   320 ||   722
       War axe           |       |       |    16 |    92 ||   108
       Unarmed           |       |       |    10 |       ||    10
       Trident           |       |       |       |    14 ||    14
 Fire: Blowgun           |    43 |    55 |    59 |   152 ||   309
       Hunting sling     |       |       |    10 |       ||    10
Throw: Stone             |     1 |    16 |    38 |       ||    55
       Tomahawk          |       |    17 |    27 |    68 ||   112
Evoke: Rod               |       |     2 |     1 |       ||     3
       Wand              |       |       |     3 |       ||     3
  Use: Scroll            |     1 |     5 |     8 |    11 ||    25
       Potion            |       |     3 |     2 |     7 ||    12
 Stab: Sleeping          |    24 |    13 |    16 |     7 ||    60
       Distracted        |     1 |     2 |     2 |    11 ||    16
       Confused          |       |       |     1 |     8 ||     9
       Petrifying        |       |       |       |     2 ||     2
       Paralysed         |       |       |       |     2 ||     2
       Petrified         |       |       |       |     1 ||     1
  Eat: Chunk             |     3 |    14 |     8 |    16 ||    41
       Meat ration       |       |       |     1 |     1 ||     2
